 Dungeon Crawl Stone Soup version 0.24-a0-525-g9231cdcba1 (webtiles) character file.

Game seed: 5439870574275153089

3571 Conn the Conjurer (level 10, -1/91 HPs)
             Began as an Octopode Fire Elementalist on Aug 2, 2019.
             Was an Initiate of Sif Muna.
             Slain by a gargoyle
             ... wielding a +0 morningstar
              (24 damage)
             ... on level 8 of the Dungeon on Aug 3, 2019.
             The game lasted 00:41:21 (9487 turns).

Conn the Conjurer (Octopode Fire Elementalist)      Turns: 9487, Time: 00:41:21

Health: -1/91      AC:  4    Str: 19    XL:     10   Next: 9%
Magic:  1/21       EV: 14    Int: 22    God:    Sif Muna [......]
Gold:   295        SH:  5    Dex: 13    Spells: 4/23 levels left

rFire    x . .     SeeInvis +   a - +5 whip of Glory {freeze, rF- Str+6}
rCold    . . .     Gourm    .   o - +2 buckler {AC+3}
rNeg     . . .     Faith    .   (helmet restricted)
rPois    +         Spirit   .   q - amulet of magic regeneration
rElec    .         Reflect  .   c - ring of see invisible
rCorr    .         Harm     .   (no ring)
MR       .....                  (no ring)
Stlth    ..........             (no ring)
HPRegen  0.25/turn              (no ring)
MPRegen  0.42/turn              (no ring)
                                (no ring)
                                (no ring)

@: berserking, very slightly contaminated, very quick
A: almost no armour, stealthy swim, amphibious, 8 rings, constrict 8, camouflage
1, clever 1, poison resistance, wild magic 1, gelatinous body 1
a: Renounce Religion


You were on level 8 of the Dungeon.
You worshipped Sif Muna.
Sif Muna was noncommittal.
You were not hungry.

You visited 2 branches of the dungeon, and saw 9 of its levels.
You also visited: Ossuary.

You collected 818 gold pieces.
You spent 523 gold pieces at shops.

Inventory:

Hand Weapons
 a - the +5 whip of Glory (weapon) {freeze, rF- Str+6}
   (You found it on level 4 of the Dungeon)

   It has been specially enchanted to freeze those struck by it, causing extra
   injury to most foes and up to half again as much damage against particularly
   susceptible opponents.
   It can also slow down cold-blooded creatures.
   It affects your strength (+6).
   It makes you vulnerable to fire.
 b - the +10 hand crossbow of Xom's Hatred {elec, *Slow rPois rF++ Stlth+}
   (You bought it in a shop on level 6 of the Dungeon)

   It charges the ammunition it shoots with electricity; occasionally upon a
   hit, such missiles may discharge and cause terrible harm.
   It greatly protects you from fire.
   It protects you from poison.
   It may slow you when you take damage.
   It makes you more stealthy.
 f - a +0 dagger
 g - a +1 short sword
 y - the +9 halberd of Greed {flame, rN+ Str+2, unknown}
   (You bought it in a shop on level 6 of the Dungeon)

   It has been specially enchanted to burn those struck by it, causing extra
   injury to most foes and up to half again as much damage against particularly
   susceptible opponents.
   Big, fiery blades are also staple armaments of hydra-hunters.
   It affects your strength (+2).
   It protects you from negative energy.
Missiles
 l - 5 boomerangs (quivered)
 A - 29 bolts
Armour
 i - a +0 buckler
 o - a +2 buckler of protection (worn)
Jewellery
 c - a ring of see invisible (left tentacle)
 d - a cursed -3 ring of dexterity
 e - an uncursed amulet of faith
 q - an amulet of magic regeneration (around mantle)
Wands
 D - a wand of iceblast (7)
 E - a wand of digging (6)
Scrolls
 k - 2 scrolls of teleportation
 n - 5 scrolls of remove curse
 u - 4 scrolls of fog
 w - 4 scrolls of identify
 x - 2 scrolls of fear
 C - a scroll of magic mapping
Potions
 h - a potion of mutation
 j - a potion of flight
 m - a potion of agility
 p - a potion of brilliance
 t - a potion of magic {unknown}
 v - a potion of might
 B - a potion of haste
Comestibles
 z - 11 rations
 F - 2 chunks of flesh


   Skills:
 + Level 2.4 Fighting
 + Level 1.0 Short Blades
 * Level 2.7 Crossbows
 + Level 1.0 Throwing
 + Level 3.6 Dodging
 + Level 5.0 Stealth
 * Level 7.3 Spellcasting
 * Level 7.4 Conjurations
 * Level 2.9 Hexes
 + Level 6.7 Fire Magic


You had 4 spell levels left.
You knew the following spells:

 Your Spells              Type           Power        Failure   Level  Hunger
a - Flame Tongue          Conj/Fire      #####        1%          1    None
b - Conjure Flame         Conj/Fire      ######..     4%          3    None
c - Sticky Flame          Conj/Fire      ######..     11%         4    ###....
d - Inner Flame           Hex/Fire       #####...     9%          3    None
e - Fireball              Conj/Fire      ######....   28%         5    #####..
f - Confuse               Hex            ####....     17%         3    None

Your spell library contained the following spells:

 Spells                   Type           Power        Failure   Level  Hunger
 Throw Flame              Conj/Fire      ######       2%          2    None
 Corona                   Hex            ####...      7%          1    None
 Throw Frost              Conj/Ice       ####..       7%          2    None
 Dazzling Spray           Conj/Hex       #####.       8%          3    None
 Ensorcelled Hibernation  Hex/Ice        ###...       16%         2    None
 Tukima's Dance           Hex            ####....     17%         3    None
 Freeze                   Ice            ##..         19%         1    None
 Throw Icicle             Conj/Ice       ####....     36%         4    ###....
 Ozocubu's Armour         Chrm/Ice       ##......     45%         3    None
 Summon Ice Beast         Ice/Summ       ##......     85%         4    ###....


Dungeon Overview and Level Annotations

Branches:
Dungeon (8/15)             Temple (1/1) D:7
   Lair: D:8-11

Altars:
Ashenzari
Cheibriados
Dithmenos
Elyvilon
Gozag
Hepliaklqana
Kikubaaqudgha
Makhleb
Okawaru
Qazlal
Ru
Sif Muna
Trog
Uskayaw
Vehumet
Zin
The Shining One

Shops:
D:4 (   D:6 [(?(


Innate Abilities, Weirdness & Mutations

You cannot wear most types of armour.
You are very stealthy in the water. (Stealth+)
You are amphibious.
You can wear up to eight rings at the same time.
You can use your tentacles to constrict eight enemies at once.
Your skin changes colour to match your surroundings (Stealth+).
Your rubbery body absorbs attacks. (AC +1, EV +1)
Your mind is acute. (Int +2)
Your system is resistant to poisons. (rPois)
Your spells are a little harder to cast, but a little more powerful.


Message History

The gargoyle resists with some effort.
The gargoyle hits you with a +0 morningstar!!
You feel much better.
The gargoyle hits you with a +0 morningstar!
The +10 hand crossbow of Xom's Hatred {elec, *Slow rPois rF++ Stlth+} stops crackling.
The +5 whip of Glory {freeze, rF- Str+6} glows with a cold blue light!
a - the +5 whip of Glory (weapon)
{freeze, rF- Str+6}
Casting: Confuse (safe; 17% risk of failure)
Confirm with . or Enter, or press ? or * to list all spells.
Aiming: Confuse (safe; 17% risk of failure)
Press: ? - help, Shift-Dir - straight line, f/p - gargoyle
Aim: a gargoyle, wielding a +0 morningstar (moderately damaged, chance to defeat MR: 38%)
You miscast Confuse.
The light around you dims momentarily.
The gargoyle hits you with a +0 morningstar!!
* * * LOW HITPOINT WARNING * * *
Okay, then.
A red film seems to cover your vision as you go berserk!
You feel yourself moving faster!
You feel mighty!
The gargoyle hits you with a +0 morningstar!!
You die...

.# #### .. ..# .#
########.#### .#
#######...........#
.###............@9(..#
.##..............((†.#
.##.....[.########.#....
.##.._....# .#.....
.#..†.....# .. ....
.#........# #.. ...
...##.....# ..###.
.####.....# .# ..
......#


You could see a gargoyle.

Vanquished Creatures
  The ghost of bmj180 the Cleaver, a novice HuFi of the Shining One (D:7)
  Prince Ribbit (D:6)
  The ghost of stonage the Skirmisher, an amateur DsFi of Ru (D:5)
  Sigmund (D:5)
  Edmund (D:6)
  An ice beast (D:6)
  A hornet zombie (D:8)
  A black bear (D:6)
  3 ogres
  4 centaurs
  A big kobold (D:8)
  2 bullfrogs
  Blork the orc (D:6)
  A water moccasin zombie (D:5)
  3 scorpions
  3 wights (D:6)
  A howler monkey (D:5)
  A centaur zombie (D:5)
  2 quasits (D:5)
  A crimson imp (D:6)
  A gnoll shaman (D:3)
  An orc priest (D:7)
  2 bullfrog skeletons (D:5)
  4 jellies
  An iguana (D:8)
  2 orc wizards (D:7)
  2 worker ants
  A hound zombie (D:6)
  8 mummies (Ossuary)
  4 gnolls
  8 adders
  3 shadow imps
  2 oozes
  A worm (D:2)
  3 dart slugs
  3 leopard geckos
  20 orcs
  3 ball pythons
  8 bats
  6 giant cockroaches
  3 gnoll zombies (Ossuary)
  12 goblins
  7 hobgoblins
  2 jackals (D:5)
  12 kobolds
  2 quokkas
  7 frilled lizards
  3 hobgoblin zombies (Ossuary)
  A kobold zombie (Ossuary)
  A leopard gecko skeleton (D:6)
  An orc zombie (Ossuary)
  5 rats
  A butterfly (Temple)
171 creatures vanquished.

Notes
Turn   | Place    | Note
-------+----------+-------------------------------------------
     0 | D:1      | Conn the Octopode Fire Elementalist began the quest for the
                  | Orb.
     0 | D:1      | Reached XP level 1. HP: 11/11 MP: 3/3
    99 | D:1      | Reached XP level 2. HP: 9/17 MP: 0/5
   598 | D:1      | Reached XP level 3. HP: 18/21 MP: 2/6
   887 | D:1      | You fall into a shaft and drop 1 floor!
  1174 | D:2      | Reached XP level 4. HP: 27/27 MP: 0/7
  2379 | D:1      | Reached XP level 5. HP: 30/31 MP: 9/9
  2857 | D:3      | Found a stormy altar of Qazlal.
  2902 | D:2      | Learned a level 3 spell: Conjure Flame
  2907 | D:2      | Learned a level 4 spell: Sticky Flame
  4260 | D:4      | Noticed an ogre
  4266 | D:4      | Killed an ogre
  4266 | D:4      | Reached XP level 6. HP: 37/37 MP: 2/10
  4271 | D:4      | Learned a level 3 spell: Inner Flame
  4349 | D:4      | Got a steaming whip
  4350 | D:4      | Identified the +5 whip of Glory {freeze, rF- Str+6} (You
                  | found it on level 4 of the Dungeon)
  4381 | D:4      | Found a sand-covered staircase.
  4401 | Ossuary  | Entered an ossuary
  4651 | Ossuary  | Reached skill level 1 in Short Blades
  4657 | Ossuary  | Reached skill level 5 in Fire Magic
  4809 | Ossuary  | Gained mutation: Your spells are a little harder to cast,
                  | but a little more powerful. [potion of mutation]
  4809 | Ossuary  | Gained mutation: Your system is resistant to poisons.
                  | (rPois) [potion of mutation]
  4809 | Ossuary  | Gained mutation: Your mind is acute. (Int +2) [potion of
                  | mutation]
  4835 | D:4      | Found Feital's Weapon Shoppe.
  5285 | D:5      | Entered Level 5 of the Dungeon
  5335 | D:5      | Found a transporter.
  5363 | D:5      | Found a transporter.
  5367 | D:5      | Noticed stonage's ghost (amateur DsFi)
  5398 | D:5      | Reached XP level 7. HP: 15/42 MP: 8/12
  5799 | D:5      | Noticed Sigmund
  5821 | D:5      | Killed Sigmund
  5999 | D:5      | Found a shattered altar of Ashenzari.
  5999 | D:5      | Found a burning altar of Makhleb.
  6053 | D:5      | Reached XP level 8. HP: 44/47 MP: 2/14
  6088 | D:5      | Found a glowing golden altar of the Shining One.
  6319 | D:5      | Learned a level 5 spell: Fireball
  6512 | D:5      | Killed stonage's ghost
  6512 | D:5      | Reached skill level 5 in Spellcasting
  6512 | D:5      | Reached skill level 1 in Hexes
  6567 | D:5      | Reached skill level 1 in Fighting
  6893 | D:6      | Reached skill level 5 in Conjurations
  7208 | D:6      | Reached skill level 1 in Throwing
  7211 | D:6      | Found Batadgh's Armour Boutique.
  7230 | D:6      | Reached XP level 9. HP: 8/53 MP: 8/18
  7500 | D:6      | Bought a +0 buckler of protection for 138 gold pieces
  7551 | D:6      | Noticed Blork the orc
  7564 | D:6      | Killed Blork the orc
  7564 | D:6      | Found Hyrryram's Antique Weapon Shop.
  7566 | D:6      | Found Lokhef's Magic Scroll Boutique.
  7603 | D:6      | Bought an encrusted halberd for 198 gold pieces
  7603 | D:6      | Bought an ichor-stained hand crossbow for 187 gold pieces
  7603 | D:6      | Identified the +10 hand crossbow of Xom's Hatred {elec,
                  | *Slow rPois rF++ Stlth+} (You bought it in a shop on level
                  | 6 of the Dungeon)
  7716 | D:5      | Learned a level 3 spell: Confuse
  7802 | D:6      | Found a hide-covered altar of Uskayaw.
  7856 | D:6      | Noticed Edmund
  7856 | D:6      | Noticed Prince Ribbit
  7861 | D:6      | Killed Edmund
  7867 | D:6      | Killed Prince Ribbit
  8071 | D:6      | Found Guwnunlore's Weapon Boutique.
  8270 | D:7      | Found a runed translucent door.
  8271 | D:7      | Noticed bmj180's ghost (novice HuFi)
  8352 | D:7      | Killed bmj180's ghost
  9082 | D:7      | Found a staircase to the Ecumenical Temple.
  9091 | Temple   | Entered the Ecumenical Temple
  9157 | Temple   | Became a worshipper of Sif Muna the Loreminder
  9327 | D:8      | Found an opulent altar of Gozag.
  9328 | D:8      | Reached skill level 5 in Stealth
  9328 | D:8      | Reached XP level 10. HP: 61/61 MP: 20/20
  9436 | D:8      | Found a shattered altar of Ashenzari.
  9455 | D:8      | Noticed a gargoyle
  9487 | D:8      | Slain by a gargoyle

Levels and vault maps discovered:
D:1:      grunt_arrival_lava_bath, layout_loops_corners
D:2:      layout_loops_ring
D:3:      layout_basic, nicolae_qazlal_eye_of_the_storm
D:4:      layout_gridville, serial_shops, shop, nicolae_ossuary_entry_ruins
D:5:      layout_loops_corners, tso_metal_star,
          gammafunk_temple_overflow_elements, gammafunk_ghost_stat_death,
          first_ration, wad_floor_pattern_untrapped, uniq_sigmund
D:6:      layout_loops_ring, basic_altar, serial_shops, nicolae_shop_stone,
          nicolae_shop_behind_doors, nicolae_shop_behind_doors, shop_statue,
          hangedman_decor_riveting, uniq_edmund, uniq_blork_the_orc,
          uniq_prince_ribbit1
D:7:      layout_loops_cross, minmay_temple_entry_butterflies,
          hellmonk_ghost_happy_afterlife
D:8:      gammafunk_cloud_chamber, layout_basic, nicolae_overflow_hidden_temple,
          basic_altar, grunt_pizzeria, minmay_strange_pillars
Temple:   eino_temple_scatter_basement

Skill      XL: |  1  2  3  4  5  6  7  8  9 |
---------------+----------------------------+-----
Stealth        | 3 4 5 |  5.0
Fire Magic     | 4 5 6 |  6.7
Conjurations   | 2 3 4 5 7 |  7.4
Spellcasting   | 3 4 6 7 |  7.3
Short Blades   | 1 |  1.0
Dodging        | 3 |  3.6
Hexes          | 1 2 |  2.9
Fighting       | 1 2 |  2.4
Throwing       | 1 |  1.0
Crossbows      | 2 |  2.7

Action                   |  1- 3 |  4- 6 |  7- 9 | 10-12 || total
-------------------------+-------+-------+-------+-------++-------
Melee: Unarmed           |     4 |       |       |       ||     4
       Tentacles         |     4 |     6 |     1 |       ||    11
       Constrict         |     6 |    10 |     2 |       ||    18
       Dagger            |    14 |     3 |       |       ||    17
       Short sword       |       |    16 |       |       ||    16
       Whip              |       |    19 |    10 |       ||    29
 Fire: Hand crossbow     |       |       |    19 |    13 ||    32
Throw: Boomerang         |       |     2 |     6 |       ||     8
 Cast: Flame Tongue      |    50 |   140 |   151 |    32 ||   373
       Conjure Flame     |       |     4 |    10 |     1 ||    15
       Sticky Flame      |       |       |    12 |     1 ||    13
       Inner Flame       |       |       |     2 |       ||     2
       Fireball          |       |       |     2 |       ||     2
       Confuse           |       |       |     1 |     6 ||     7
  Use: Scroll            |     3 |     4 |     6 |       ||    13
       Potion            |     1 |     6 |    10 |     2 ||    19
 Stab: Sleeping          |       |     6 |     1 |       ||     7
       Distracted        |       |       |     1 |       ||     1
  Eat: Chunk             |     1 |    11 |    10 |     1 ||    23
       Ration            |       |     1 |     1 |       ||     2
Armor: Skin              |     2 |     3 |     7 |     1 ||    13
Dodge: Dodged            |    32 |    55 |    67 |    13 ||   167
Block: Buckler           |       |       |     4 |     7 ||    11

Table legend:
 A = Non-vault XP
 B = Vault XP
 C = Vault XP percentage of total XP
 D = Non-vault monster count
 E = Vault monster count
 F = Vault count percentage of total count
                 A         B        C        D         E       F
            +---------+---------+-------+---------+---------+-------
      Total |    3017 |    2085 |  40.9 |     146 |      24 |  14.1
            +---------+---------+-------+---------+---------+-------
        D:1 |      48 |       0 |   0.0 |      26 |       0 |   0.0
        D:2 |     127 |       0 |   0.0 |      28 |       0 |   0.0
        D:3 |     136 |       0 |   0.0 |      27 |       0 |   0.0
        D:4 |     119 |       0 |   0.0 |       2 |       0 |   0.0
        D:5 |     485 |     551 |  53.2 |      15 |       4 |  21.1
        D:6 |    1114 |     523 |  31.9 |      18 |       3 |  14.3
        D:7 |     521 |     853 |  62.1 |      18 |       1 |   5.3
        D:8 |     467 |       0 |   0.0 |      12 |       0 |   0.0
    Ossuary |       0 |     158 | 100.0 |       0 |      16 | 100.0
            +---------+---------+-------+---------+---------+-------
